AoeStats
← ani_rud

Arena

509319147Analyzed
2v2 RM · 6d ago on Sep 26, 2026· 48m 45s· 4 players
Game mode
Random Map
Map size
Medium (4 player)
Population
200
Speed
Normal
Resources
Standard
Victory
Conquest
Starting age
Dark Age
Ending age
Imperial Age
RankedLock teamsTeams togetherTeam positionsShared explorationLock speedFull tech treeHidden civsTurbo modeCheats
Victory
Defeat
🇹🇷 Koreans · Türkiye
912
+16
🇹🇷 Huns · Türkiye
869
+18
🇮🇳 Khmer · India
902
-17
🇮🇳 Vietnamese · India
902
-31
MONDOFOBİL
9:44 Loom
11:29 Feudal Age
12:45 Double-Bit Axe
16:24 Castle Age
15:46 Horse Collar
16:07 Fletching
17:40 Bow Saw
17:51 Bodkin Arrow
18:14 Heavy Plow
22:12 Wheelbarrow
24:41 Hand Cart
25:20 Hand Cart
29:55 Imperial Age
31:20 Parthian Tactics
30:15 Heavy Cavalry Archer
31:42 Conscription
31:36 Gold Mining
31:58 Town Watch
32:46 Ballistics
33:26 Chemistry
33:11 Bracer
34:21 Murder Holes
34:28 Husbandry
34:40 Bloodlines
34:34 Light Cavalry
35:22 Scale Barding Armor
35:28 Forging
37:23 Thumb Ring
38:45 Chain Barding Armor
39:00 Iron Casting
37:49 Elite Tarkan
40:29 Town Patrol
42:07 Blast Furnace
41:42 Plate Barding Armor
41:48 Marauders
Jannicle
11:24 Feudal Age
13:05 Wheelbarrow
12:28 Double-Bit Axe
12:28 Horse Collar
18:13 Castle Age
16:33 Fletching
18:27 Crossbowman
19:52 Bow Saw
19:48 Heavy Plow
23:43 Gold Mining
24:26 Loom
25:06 Thumb Ring
24:25 Pikeman
27:54 Ballistics
28:16 Squires
29:09 Light Cavalry
36:23 Imperial Age
35:58 Hand Cart
37:43 Elite Fire Lancer
38:12 Arbalester
40:27 Hussar
42:09 Scale Barding Armor
42:05 Scale Mail Armor
42:15 Forging
42:01 Bodkin Arrow
44:32 Two-Man Saw
44:13 Chain Barding Armor
44:09 Chain Mail Armor
VCBlade
13:08 Feudal Age
13:36 Double-Bit Axe
13:36 Horse Collar
15:43 Gold Mining
21:13 Castle Age
18:50 Man-at-Arms
21:34 Wheelbarrow
21:08 Town Watch
22:25 Bow Saw
22:21 Heavy Plow
22:53 Hand Cart
23:37 Loom
24:10 Fletching
24:25 Scale Mail Armor
24:01 Pikeman
25:27 Stone Mining
28:23 Chatras
31:57 Murder Holes
32:12 Masonry
32:25 Ballistics
32:50 Stone Shaft Mining
33:33 Padded Archer Armor
33:30 Bodkin Arrow
33:52 Chain Mail Armor
33:48 Forging
34:23 Squires
39:51 Imperial Age
37:44 Leather Archer Armor
40:37 Bracer
41:27 Thumb Ring
40:44 Elite Skirmisher
42:21 Ring Archer Armor
43:43 Chemistry
42:32 Arrowslits
42:52 Siege Engineers
43:04 Fortified Wall
45:10 Guard Tower
45:58 Treadmill Crane
49:01 Paper Money
ani_rud
12:38 Feudal Age
16:08 Castle Age
14:43 Horse Collar
14:51 Double-Bit Axe
19:35 Heavy Plow
19:47 Bow Saw
24:11 Gold Mining
24:15 Stone Mining
24:52 Loom
24:56 Town Watch
25:48 Wheelbarrow
27:03 Gold Shaft Mining
27:00 Bloodlines
26:54 Husbandry
31:14 Imperial Age
29:52 Fletching
30:32 Bodkin Arrow
31:41 Scale Barding Armor
32:37 Crop Rotation
32:50 Stone Shaft Mining
32:51 Conscription
32:55 Masonry
32:52 Siege Engineers
32:57 Light Cavalry
35:03 Hoardings
37:18 Hand Cart
37:03 Town Patrol
37:40 Architecture
37:31 Ballistics
37:08 Murder Holes
38:17 Chemistry
38:44 Chain Barding Armor
38:35 Forging
38:25 Bracer
40:13 Plate Barding Armor
42:59 Iron Casting
41:48 Elite Ballista Elephant
42:44 Fortified Wall
43:44 Hussar
47:16 Blast Furnace
47:35 Double Crossbow
Connection lost

Rejoining the realm…

Still unreachable

The connection could not be restored.

Session expired

The server has moved on; the page needs a fresh start.